 Dungeon Crawl Stone Soup version 0.24-a0-640-ge7cd8ce (webtiles) character file.

Game seed: 1526434481751354665, levelgen mode: deterministic

16209 Laraso the Nimble (level 12, -1/68 HPs)
             Began as a Kobold Summoner on Sept 24, 2019.
             Was a High Priest of Sif Muna.
             Killed from afar by an electric eel (12 damage)
             ... with a bolt of electricity
             ... on level 3 of the Lair of Beasts.
             The game lasted 00:35:26 (21021 turns).

Laraso the Nimble (Kobold Summoner)                Turns: 21021, Time: 00:35:27

Health: -1/68      AC: 12    Str:  5    XL:     12   Next: 67%
Magic:  26/28      EV: 22    Int: 20    God:    Sif Muna [*****.]
Gold:   965        SH:  0    Dex: 17    Spells: 4/21 levels left

rFire    . . .     SeeInvis .   w - +4 lajatang
rCold    + . .     Gourm    .   (shield currently unavailable)
rNeg     . . .     Faith    .   u - +3 leather armour {rC+}
rPois    +         Spirit   .   p - +2 helmet
rElec    .         Reflect  .   (no cloak)
rCorr    .         Harm     .   J - +2 pair of gloves
MR       .....                  (no boots)
Stlth    +.........             (no amulet)
HPRegen  0.21/turn              i - ring of magical power
MPRegen  0.21/turn              s - ring of poison resistance

@: very slow
A: small, carnivore
a: Channel Magic, Forget Spell, Divine Exegesis, Renounce Religion


You were on level 3 of the Lair of Beasts.
You worshipped Sif Muna.
Sif Muna was extremely pleased with you.
You were completely stuffed.

You visited 3 branches of the dungeon, and saw 16 of its levels.

You collected 965 gold pieces.

Inventory:

Hand Weapons
 b - a +0 trident of venom
 n - a +0 demon blade of flaming
 w - a +4 lajatang (weapon)
Missiles
 g - 7 curare-tipped darts (quivered)
Armour
 p - a +2 helmet (worn)
 u - a +3 leather armour of cold resistance (worn)
 J - a +2 pair of gloves (worn)
Jewellery
 i - a ring of magical power (left hand)
 m - a +2 ring of dexterity
 s - a ring of poison resistance (right hand)
 v - an uncursed ring of see invisible
 z - a +4 ring of intelligence
 D - an uncursed ring of fire
 F - an uncursed ring of ice
 L - an uncursed ring of protection from cold {unknown}
Wands
 a - a wand of acid (4)
 r - a wand of digging (3)
 E - a wand of iceblast (16)
 K - a wand of random effects (18)
Scrolls
 d - a scroll of enchant armour
 f - 6 scrolls of teleportation
 l - 9 scrolls of remove curse
 q - 2 scrolls of magic mapping
 y - a scroll of amnesia
 A - 2 scrolls of fear
 B - 2 scrolls of blinking
 H - a scroll of identify
Potions
 e - 2 potions of haste
 h - 4 potions of lignification
 j - 2 potions of brilliance
 k - 5 potions of curing
 o - 2 potions of flight
 t - 3 potions of might
 x - a potion of mutation
 C - a potion of cancellation
 G - a potion of invisibility
 I - 3 potions of heal wounds
Comestibles
 c - 28 rations


   Skills:
 - Level 5.2 Fighting
 * Level 6.8 Staves
 - Level 12.0 Dodging
 - Level 2.6 Stealth
 - Level 5.2 Spellcasting
 - Level 4.2 Hexes
 - Level 12.0 Summonings
 - Level 4.2 Ice Magic
 - Level 4.2 Air Magic


You had 4 spell levels left.
You knew the following spells:

 Your Spells              Type           Power        Failure   Level  Hunger
a - Summon Small Mammal   Summ           ####         1%          1    None
b - Call Imp              Summ           ######..     1%          2    None
c - Call Canine Familiar  Summ           ######..     1%          3    ##.....
d - Summon Ice Beast      Ice/Summ       #####...     7%          4    ####...
e - Summon Guardian Gole  Hex/Summ       #####...     1%          3    ##.....
f - Summon Lightning Spi  Summ/Air       #####...     7%          4    ####...

Your spell library contained the following spells:

 Spells                   Type           Power        Failure   Level  Hunger
 Slow                     Hex            ###.....     4%          2    None
 Animate Skeleton         Necr           N/A          19%         1    None
 Beastly Appendage        Tmut           #.....       19%         1    None
 Infusion                 Chrm           #...         19%         1    None
 Magic Dart               Conj           #...         19%         1    None
 Pain                     Necr           #...         19%         1    None
 Spectral Weapon          Hex/Chrm       ##......     24%         3    ##.....
 Blink                    Tloc           N/A          28%         2    None
 Shroud of Golubria       Chrm/Tloc      #.....       28%         2    None
 Song of Slaying          Chrm           #.......     28%         2    None
 Sticks to Snakes         Tmut           #.......     28%         2    None
 Mephitic Cloud           Conj/Pois/Air  ##......     32%         3    ##.....
 Conjure Flame            Conj/Fire      #.......     50%         3    ##.....
 Regeneration             Chrm/Necr      #.........   50%         3    ##.....
 Spider Form              Tmut/Pois      #.........   50%         3    ##.....
 Vampiric Draining        Necr           #.........   50%         3    ##.....
 Ice Form                 Ice/Tmut       ##......     61%         4    ####...
 Animate Dead             Necr           N/A          88%         4    ####...
 Summon Demon             Summ           ######....   3%          5    #####..
 Shadow Creatures         Summ           N/A          22%         6    #######
 Summon Forest            Summ/Tloc      ####......   41%         5    #####..
 Silence                  Hex/Air        ###.......   67%         5    #####..
 Blade Hands              Tmut           #.........   99%         5    #####..


Dungeon Overview and Level Annotations

Branches:
Dungeon (12/15)            Temple (1/1) D:4            Lair (3/6) D:11
 Spider (0/4) Lair:2
  Swamp: Lair:2-4    Shoals: Lair:2-4       Orc: D:9-12

Altars:
Ashenzari
Cheibriados
Dithmenos
Elyvilon
Fedhas
Gozag
Hepliaklqana
Kikubaaqudgha
Makhleb
Nemelex Xobeh
Okawaru
Qazlal
Ru
Sif Muna
Trog
Uskayaw
Vehumet
Wu Jian
Xom
Yredelemnul
Zin
The Shining One

Shops:
D:5 %

Portals:
Trove: D:11 (give 14 scrolls of teleportation)

Annotations:
D:3 exclusion: orc priest
D:9 exclusion: 2 doors


Innate Abilities, Weirdness & Mutations

You are small and have problems with some larger weapons.
You are carnivorous and can eat meat at any time.


Message History

The hippogriff barely misses you.
Your wolf bites the hippogriff!
The hippogriff dies!
Sif Muna accepts your kill.
No target in view!
No target in view!
You start resting.
Your wolf disappears in a puff of smoke!
You regained 8 hp, and now have 66/68 hp.
All of the chunks of flesh in your inventory have rotted away.
An electric eel comes into view.
Health restored: 68 An electric eel is nearby!
An electric eel is nearby!
An electric eel is nearby!
You enter the shallow water.
Moving in this stuff is going to be slow.
The electric eel shoots out a bolt of lightning at you!
The bolt of electricity misses you.
The bolt of electricity hits the plant! x2
The bolt of electricity misses you.
Your unstable footing causes you to fumble your attack.
The electric eel shoots out a bolt of lightning at you!
The bolt of electricity hits you.
The bolt of electricity hits the plant! x2
The bolt of electricity hits you.
You take 9 damage, and have 59/68 hp.
Your unstable footing causes you to fumble your attack.
You hit the electric eel.
The electric eel shoots out a bolt of lightning at you!
The bolt of electricity hits you.
The bolt of electricity hits the plant! x2
The plant is destroyed!
The bolt of electricity misses you.
You take 6 damage, and have 53/68 hp.
You miss the electric eel.
The electric eel shoots out a bolt of lightning at you!
The bolt of electricity hits you!
* * * LOW HITPOINT WARNING * * *
The bolt of electricity hits you!
* * * LOW HITPOINT WARNING * * *
You take 26 damage, and have 27/68 hp.
MASSIVE DAMAGE!!
You now have 25/28 mp.
Aim: an electric eel (water, moderately wounded)
The electric eel seems to slow down.
Your wolf bites the electric eel!
Your wolf splashes around in the water.
The electric eel shoots out a bolt of lightning at you!
The bolt of electricity hits your wolf! The bolt of electricity misses you.
The bolt of electricity hits you!
* * * LOW HITPOINT WARNING * * *
The bolt of electricity misses your wolf.
Your wolf bites the electric eel.
You take 8 damage, and have 20/68 hp.
Your wolf closely misses the electric eel.
You enter the shallow water.
Moving in this stuff is going to be slow.
Your wolf misses the electric eel.
Your wolf barely misses the electric eel.
Your wolf splashes around in the water.
The electric eel shoots out a bolt of lightning at you!
The bolt of electricity hits you!
* * * LOW HITPOINT WARNING * * *
The bolt of electricity hits you!
You die...

## P# ## ##
.# ### ###
## ####
#P##..#..#
.#.#
##.........
..##
#..h;≈≈≈≈≈.
...#
##.@#####
..#.#
#..≈≈# #≈.
..###
#..≈≈# #≈≈)
...#
##.≈###≈≈≈.
..P#
#..≈≈≈≈≈≈≈.
...#
##.........
...#
#.........
...#
#.....###
...#
##.....##.


You could see an electric eel and a friendly wolf.

Vanquished Creatures
  Gastronok (D:8)
  An ugly thing (D:9)
  2 black mambas (Lair:1)
  A gargoyle (D:11)
  A spiny frog (Lair:2)
  A komodo dragon (Lair:1)
  A polar bear (Lair:2)
  A troll (D:9)
  A hornet (Lair:2)
  4 hippogriffs
  A spriggan (D:7)
  6 yaks
  Edmund (D:4)
  6 black bears
  4 water moccasins
  A swamp drake (D:11)
  An orc warrior (D:10)
  3 phantoms
  3 ice beasts
  A slave (D:9)
  5 centaurs
  3 ogres
  A big kobold (D:9)
  3 crocodiles
  8 bullfrogs
  3 scorpions
  2 wights (D:11)
  A howler monkey (D:6)
  8 crimson imps
  A centaur zombie (D:9)
  2 jellies (D:8)
  2 bullfrog skeletons
  3 hounds
  7 orc wizards
  A centaur skeleton (D:7)
  4 orc priests
  Ijyb (D:4)
  5 iguanas
  2 hell rats (Lair:1)
  5 worker ants
  2 hound skeletons
  A worker ant zombie (D:5)
  Robin (D:4)
  2 gnolls (D:7)
  9 adders
  A shadow imp (D:8)
  An ooze (D:6)
  4 worms
  3 leopard geckos
  27 orcs
  A ball python (D:4)
  4 giant cockroaches
  11 goblins
  7 hobgoblins
  9 jackals
  3 quokkas
  5 bats
  8 frilled lizards
  A giant cockroach zombie (D:5)
  13 kobolds
  2 leopard gecko skeletons
  A quokka skeleton (D:9)
  A quokka zombie (D:8)
  3 rats (D:1)
228 creatures vanquished.

Vanquished Creatures (collateral kills)
  Rupert (Lair:3)
  Fannar (Lair:1)
  3 skeletal warriors (D:11)
  Pikel (D:9)
  Maurice (D:11)
  Psyche (D:8)
  A rime drake (Lair:2)
  2 komodo dragons
  3 polar bears (Lair:2)
  A hornet (D:8)
  A troll (D:9)
  Prince Ribbit (D:5)
  3 hippogriffs
  2 wyverns (D:11)
  8 yaks
  A basilisk (Lair:2)
  4 fire bats (Lair:2)
  3 hungry ghosts
  A soldier ant (D:10)
  2 water moccasins (Lair:1)
  2 sky beasts
  An eye of draining (D:8)
  5 orc warriors
  3 slaves (D:9)
  5 ogres
  3 wolves (D:8)
  A centaur (D:8)
  2 crocodiles
  A wyvern zombie (D:6)
  4 scorpions
  A wight (D:11)
  3 crimson imps
  7 orc priests
  An iguana (D:6)
  6 orc wizards
  A centaur skeleton (D:3)
  Natasha (D:3)
  4 worker ants
  5 hell rats (Lair:1)
  A worker ant zombie (D:7)
  2 gnolls (D:7)
  An adder (D:2)
  A leopard gecko (D:1)
  15 orcs
  3 bats
  6 goblins
  2 hobgoblins (D:1)
  3 kobolds (D:1)
  A quokka (D:5)
  A ball python (D:2)
  A frilled lizard (D:1)
  A leopard gecko skeleton (D:8)
  2 rats (D:2)
137 creatures vanquished.

Vanquished Creatures (others)
  Grum (D:8)
  A basilisk (D:11)
  A jackal (D:5)
  2 plants
5 creatures vanquished.

Grand Total: 370 creatures vanquished

Notes
Turn   | Place    | Note
-------+----------+-------------------------------------------
     0 | D:1      | Laraso the Kobold Summoner began the quest for the Orb.
     0 | D:1      | Reached XP level 1. HP: 10/10 MP: 3/3
   152 | D:1      | HP: 4/11 [bat (1)]
   420 | D:1      | Reached skill level 1 in Fighting
   658 | D:1      | Reached XP level 2. HP: 10/16 MP: 1/5
   766 | D:1      | Learned a level 2 spell: Call Imp
   901 | D:1      | Reached skill level 2 in Fighting
  1423 | D:1      | HP: 6/18 [leopard gecko (2)]
  1426 | D:1      | HP: 2/18 [leopard gecko (4)]
  1715 | D:1      | Reached XP level 3. HP: 15/22 MP: 6/6
  1806 | D:1      | Learned a level 3 spell: Call Canine Familiar
  2170 | D:2      | Reached skill level 3 in Fighting
  2644 | D:2      | Reached XP level 4. HP: 28/29 MP: 7/7
  2733 | D:2      | Reached skill level 4 in Fighting
  3482 | D:3      | HP: 11/29 [centaur skeleton (4)]
  3688 | D:3      | Noticed Natasha
  3697 | D:3      | Killed Natasha
  3697 | D:3      | Reached XP level 5. HP: 22/34 MP: 8/8
  3856 | D:4      | Noticed Ijyb
  3868 | D:4      | Killed Ijyb
  3868 | D:4      | Reached skill level 5 in Fighting
  3936 | D:3      | Noticed a tengu
  3936 | D:3      | an orc priest changed into a tengu
  3938 | D:3      | a tengu changed into a scorpion
  4172 | D:4      | Reached skill level 3 in Spellcasting
  4172 | D:4      | Reached XP level 6. HP: 34/40 MP: 10/10
  4224 | D:4      | Noticed an ogre
  4238 | D:4      | Killed an ogre
  4263 | D:4      | Reached skill level 4 in Spellcasting
  4451 | D:4      | HP: 12/40 [orc wizard/magic dart (6)]
  4707 | D:4      | Found a basalt altar of Yredelemnul.
  4995 | D:4      | Noticed an ogre
  5023 | D:4      | Killed an ogre
  5214 | D:4      | Noticed Edmund
  5288 | D:4      | Killed Edmund
  5288 | D:4      | Reached skill level 5 in Spellcasting
  5288 | D:4      | Reached XP level 7. HP: 42/44 MP: 2/14
  5419 | D:4      | Identified the cursed +2 long sword of Devotion {slice,
                  | rPois rC++ rN+ Int-5}
  5552 | D:4      | Noticed Robin
  5579 | D:4      | Killed Robin
  5612 | D:4      | Learned a level 4 spell: Summon Ice Beast
  5616 | D:4      | Learned a level 3 spell: Summon Guardian Golem
  5623 | D:4      | Found a staircase to the Ecumenical Temple.
  5628 | Temple   | Entered the Ecumenical Temple
  5816 | Temple   | Became a worshipper of Sif Muna the Loreminder
  5954 | D:5      | Entered Level 5 of the Dungeon
  5980 | D:5      | Noticed Prince Ribbit
  5997 | D:5      | Killed Prince Ribbit
  5997 | D:5      | Reached skill level 5 in Summonings
  6075 | D:5      | Reached XP level 8. HP: 24/49 MP: 15/15
  6091 | D:5      | HP: 19/49 [poisoned by a scorpion]
  6099 | D:5      | HP: 19/49 [poisoned by a scorpion]
  6172 | D:5      | Reached skill level 6 in Summonings
  6351 | D:5      | HP: 17/49 [centaur/arrow (6)]
  6351 | D:5      | HP: 7/49 [centaur/arrow (10)]
  6358 | D:5      | Reached * piety under Sif Muna
  6358 | D:5      | Reached skill level 7 in Summonings
  6361 | D:5      | HP: 12/73 [worm (1)]
  6661 | D:5      | Found Fischa Hum's Food Shop.
  7121 | D:5      | Reached skill level 8 in Summonings
  7460 | D:6      | Found a shadowy altar of Dithmenos.
  7474 | D:6      | Learned a level 4 spell: Summon Lightning Spire
  7672 | D:6      | Reached XP level 9. HP: 37/54 MP: 16/16
  7687 | D:6      | Reached skill level 9 in Summonings
  8001 | D:6      | Reached skill level 1 in Hexes
  8001 | D:6      | Reached skill level 1 in Ice Magic
  8001 | D:6      | Reached skill level 1 in Air Magic
  8492 | D:7      | Reached skill level 2 in Hexes
  8492 | D:7      | Reached skill level 2 in Ice Magic
  8492 | D:7      | Reached skill level 2 in Air Magic
  8691 | D:7      | Found a sacrificial altar of Ru.
  8798 | D:7      | HP: 18/54 [orc/+0 falchion (6)]
  8801 | D:7      | HP: 7/54 [orc/+0 falchion (4)]
  9039 | D:7      | Found an iron altar of Okawaru.
  9083 | D:7      | Reached ** piety under Sif Muna
  9161 | D:7      | HP: 18/54 [orc priest/divine providence (13)]
  9405 | D:8      | Noticed Gastronok
  9426 | D:8      | Killed Gastronok
  9426 | D:8      | Reached skill level 4 in Hexes
  9426 | D:8      | Reached skill level 4 in Ice Magic
  9426 | D:8      | Reached skill level 4 in Air Magic
  9426 | D:8      | Reached XP level 10. HP: 58/59 MP: 2/17
  9563 | D:8      | Reached skill level 3 in Dodging
  9592 | D:8      | Reached skill level 4 in Dodging
  9829 | D:8      | Reached skill level 5 in Dodging
  9865 | D:8      | Noticed Psyche
  9890 | D:8      | Killed Psyche
 10076 | D:8      | Reached skill level 6 in Dodging
 10093 | D:8      | HP: 19/59 [wolf[Grum] (11)]
 10226 | D:8      | Noticed Grum
 10228 | D:8      | HP: 16/59 [wolf[Grum] (9)]
 10237 | D:8      | Killed Grum
 10316 | D:8      | Reached skill level 7 in Dodging
 10850 | D:9      | Noticed Pikel
 10860 | D:9      | HP: 23/59 [Pikel/+2 whip of electrocution (10)]
 10861 | D:9      | Killed Pikel
 10861 | D:9      | Reached skill level 8 in Dodging
 11112 | D:9      | Found a burning altar of Makhleb.
 11388 | D:9      | Reached *** piety under Sif Muna
 11506 | D:9      | Reached skill level 9 in Dodging
 12252 | D:9      | Reached skill level 10 in Dodging
 12280 | D:9      | Reached XP level 11. HP: 44/64 MP: 18/18
 12488 | D:9      | Noticed a cyclops
 12724 | D:9      | Reached skill level 11 in Dodging
 12878 | D:9      | Noticed a purple ugly thing
 12889 | D:9      | Killed a purple ugly thing
 13226 | D:10     | Entered Level 10 of the Dungeon
 13273 | D:10     | HP: 25/64 [orc warrior/+0 scimitar (12)]
 13552 | D:10     | Reached skill level 12 in Dodging
 13692 | D:10     | Reached **** piety under Sif Muna
 13742 | D:10     | HP: 24/64 [orc/+0 war axe (7)]
 14313 | D:10     | HP: 24/64 [orc priest/divine providence (11)]
 15207 | D:11     | Reached skill level 10 in Summonings
 15242 | D:11     | Noticed Maurice
 15252 | D:11     | Killed Maurice
 15310 | D:11     | Noticed a skeletal warrior
 15323 | D:11     | Killed a skeletal warrior
 15485 | D:11     | Noticed a skeletal warrior
 15492 | D:11     | Noticed a skeletal warrior
 15511 | D:11     | HP: 21/64 [skeletal warrior/+0 short sword of freezing
                  | (14)]
 15536 | D:11     | Killed a skeletal warrior
 15582 | D:11     | HP: 24/64 [skeletal warrior/+0 war axe[a skeletal warrior]
                  | (9)]
 15683 | D:11     | Killed a skeletal warrior
 16130 | D:11     | Found a staircase to the Lair.
 16380 | D:11     | Found a portal to a secret trove of treasure.
 17013 | D:12     | Noticed a cyclops
 17096 | Lair:1   | Entered Level 1 of the Lair of Beasts
 17156 | D:11     | Reached skill level 11 in Summonings
 17650 | Lair:1   | Noticed Fannar
 17684 | Lair:1   | Killed Fannar
 17684 | Lair:1   | Reached XP level 12. HP: 60/68 MP: 19/19
 18278 | Lair:1   | HP: 27/68 [poisoned by a black mamba]
 18283 | Lair:1   | Reached skill level 12 in Summonings
 18283 | Lair:1   | HP: 25/68 [poisoned by a black mamba]
 18288 | Lair:1   | HP: 23/68 [poisoned by a black mamba]
 18294 | Lair:1   | HP: 23/68 [poisoned by a black mamba]
 18302 | Lair:1   | HP: 22/68 [poisoned by a black mamba]
 18752 | Lair:1   | Reached skill level 1 in Staves
 19015 | Lair:1   | Reached skill level 2 in Staves
 19377 | Lair:1   | Reached skill level 3 in Staves
 19634 | Lair:2   | HP: 18/68 [polar bear (11)]
 19639 | Lair:2   | Reached skill level 4 in Staves
 19839 | Lair:2   | Got a scorched wooden ring
 19841 | Lair:2   | Identified the ring "Ytsud" {+Fly EV+2 Str+4 Int-2} (You
                  | found it on level 2 of the Lair of Beasts)
 19950 | Lair:2   | Reached ***** piety under Sif Muna
 19954 | Lair:2   | Reached skill level 5 in Staves
 20105 | Lair:2   | Identified Sif Muna's Disquisition on Flying Calling {god
                  | gift} (Sif Muna gifted it to you on level 2 of the Lair of
                  | Beasts)
 20105 | Lair:2   | Received a gift from Sif Muna
 20390 | Lair:2   | Found a hole to the Spider Nest.
 20723 | Lair:3   | Reached skill level 6 in Staves
 20767 | Lair:3   | Noticed Rupert
 20780 | Lair:3   | Killed Rupert
 21015 | Lair:3   | HP: 27/68 [electric eel/bolt of electricity (12)]
 21021 | Lair:3   | HP: 11/68 [electric eel/bolt of electricity (10)]
 21021 | Lair:3   | Killed from afar by an electric eel

Levels and vault maps discovered:
D:1:      saegor_arrival_simple_e, layout_basic, minmay_pentomino_z2
D:2:      layout_basic, grunt_ministairs_15, lemuel_flame_loot_1
D:3:      layout_basic, minmay_box_of_dots, uniq_grinder, uniq_natasha
D:4:      layout_loops_cross, minmay_temple_entry_trees, first_ration,
          yredelemnul_altar_generic, uniq_ijyb, uniq_edmund, uniq_robin
D:5:      layout_basic, serial_shops, shop_fountains, st_stairs_11,
          minmay_diced_spiral, uniq_prince_ribbit1
D:6:      layout_loops_cross, kennysheep_pointless_box,
          chequers_serial_rivers_micro_c, grunt_dithmenos_smoke
D:7:      layout_cave_pools, basic_altar, the_bakery, grunt_ministairs_15,
          kennysheep_okawaru_gauntlet
D:8:      layout_basic, minivault_24, uniq_grum, uniq_psyche, uniq_gastronok
D:9:      layout_loops_ring, kennysheep_little_box, kennysheep_generic_room_13,
          uniq_pikel
D:10:     layout_long_grid, nicolae_straight_to_the_point
D:11:     layout_layer_cave, erik_lair_dragon, nicolae_trove_entry_free_sample,
          uniq_maurice
D:12:     layout_roguey, david_orc_3, portal_ice_cave_entry_pillars_1,
          elyvilon_altar_3, uniq_josephine
Temple:   kilobyte_greek_temple
Lair:1:   layout_cave_shapes, minmay_holes, grunt_megastairs_2,
          infiniplex_staircase_pool, uniq_fannar
Lair:2:   beast_lair_carwin_large_3, layout_gridlike,
          nicolae_spider_entry_non_spiders
Lair:3:   layout_gridlike, serial_bayou_shore_b, uniq_urug, uniq_rupert

Skill      XL: |  1  2  3  4  5  6  7  8  9 10 11 12 |
---------------+-------------------------------------+-----
Fighting       | 1 2 3 4 5 |  5.2
Spellcasting   | 3 5 |  5.2
Summonings     | 5 8 9 11 12 | 12.0
Hexes          | 4 |  4.2
Ice Magic      | 4 |  4.2
Air Magic      | 4 |  4.2
Dodging        | 10 12 | 12.0
Staves         | 6 |  6.8
Stealth        | |  2.6

Action                   |  1- 3 |  4- 6 |  7- 9 | 10-12 || total
-------------------------+-------+-------+-------+-------++-------
Melee: Dagger            |    99 |       |       |       ||    99
       Short sword       |    64 |       |       |       ||    64
       Spear             |    26 |   199 |       |       ||   225
       Unarmed           |       |     6 |       |       ||     6
       Flail             |       |       |   289 |    85 ||   374
       Whip              |       |       |       |   289 ||   289
       Demon blade       |       |       |       |   217 ||   217
       Lajatang          |       |       |       |   137 ||   137
Throw: Dart              |       |     1 |       |       ||     1
 Cast: Summon Small Mamm |    12 |     8 |       |     6 ||    26
       Call Imp          |     6 |    17 |     3 |     3 ||    29
       Call Canine Famil |     2 |    14 |    15 |    40 ||    71
       Summon Ice Beast  |       |       |     7 |    42 ||    49
       Summon Lightning  |       |       |       |    46 ||    46
       Summon Guardian G |       |       |       |     5 ||     5
Evoke: Wand              |       |     4 |     1 |     1 ||     6
  Use: Scroll            |     9 |     4 |     6 |    13 ||    32
       Potion            |       |       |     2 |     1 ||     3
 Stab: Sleeping          |     3 |     6 |     4 |     7 ||    20
       Distracted        |       |     2 |     3 |    12 ||    17
       Confused          |       |       |       |     1 ||     1
  Eat: Chunk             |    15 |    10 |    17 |    61 ||   103
       Ration            |       |       |     2 |     1 ||     3
Armor: Robe              |    25 |    38 |       |       ||    63
       Leather armour    |       |       |    97 |   161 ||   258
       Skin              |       |       |    10 |       ||    10
Dodge: Dodged            |   154 |   154 |   252 |   843 ||  1403
       Rpst.: Demon blade |       |       |       |    78 ||    78

Table legend:
 A = Non-vault XP
 B = Vault XP
 C = Vault XP percentage of total XP
 D = Non-vault monster count
 E = Vault monster count
 F = Vault count percentage of total count
                 A         B        C        D         E       F
            +---------+---------+-------+---------+---------+-------
      Total |   15523 |    7634 |  33.0 |     300 |      64 |  17.6
            +---------+---------+-------+---------+---------+-------
        D:1 |      32 |       1 |   3.0 |      25 |       1 |   3.8
        D:2 |      57 |       4 |   6.6 |      18 |       2 |  10.0
        D:3 |      91 |      27 |  22.9 |      10 |       3 |  23.1
        D:4 |     314 |     162 |  34.0 |      24 |      13 |  35.1
        D:5 |     734 |     310 |  29.7 |      18 |       6 |  25.0
        D:6 |     703 |       0 |   0.0 |      21 |       0 |   0.0
        D:7 |     543 |     333 |  38.0 |      18 |       5 |  21.7
        D:8 |    1064 |    1694 |  61.4 |      25 |       6 |  19.4
        D:9 |    2805 |     582 |  17.2 |      43 |       2 |   4.4
       D:10 |    1408 |       0 |   0.0 |      38 |       0 |   0.0
       D:11 |    2792 |     688 |  19.8 |      22 |       6 |  21.4
     Lair:1 |    2133 |     943 |  30.7 |      17 |       5 |  22.7
     Lair:2 |    2552 |    1395 |  35.3 |      19 |      14 |  42.4
     Lair:3 |     295 |    1495 |  83.5 |       2 |       1 |  33.3
            +---------+---------+-------+---------+---------+-------

Table legend:
 A = Kills in this place as a percentage of kills in entire the game.
 B = Kills by you in this place as a percentage of kills by you in the entire game.
 C = Kills by friends in this place as a percentage of kills by friends in the entire game.
 D = Other kills in this place as a percentage of other kills in the entire game.
 E = Experience gained in this place as a percentage of experience gained in the entire game.
 F = Experience gained in this place divided by the number of levels of this place that you have seen.
                   A       B       C       D       E      F
               +-------+-------+-------+-------+-------+----------------------
         Total | 100.0 | 100.0 | 100.0 | 100.0 | 100.0 | 1447.3
       Dungeon |  84.1 |  87.2 |  78.4 | 100.0 |  61.9 | 1195.3
          Lair |  15.9 |  12.8 |  21.6 |   0.0 |  38.1 | 2937.7
               +-------+-------+-------+-------+-------+----------------------

Table legend:
 A = Turns spent in this place as a percentage of turns spent in the entire game.
 B = Non-inter-level travel turns spent in this place as a percentage of non-inter-level travel turns spent in the entire game.
 C = Inter-level travel turns spent in this place as a percentage of turns spent in this place.
 D = Turns resting spent in this place as a percentage of non-inter-level travel turns spent in this place.
 E = Turns spent auto-exploring this place as a percentage of non-inter-level travel turns spent in this place.
 F = Non-inter-level travel turns spent in this place divided by the number of levels of this place that you've seen.
                   A       B       C       D       E      F
               +-------+-------+-------+-------+-------+----------------------
         Total | 100.0 | 100.0 |   4.1 |  40.9 |  35.7 | 1259.4
       Dungeon |  81.3 |  81.1 |   4.3 |  40.2 |  35.5 | 1362.5
        Temple |   1.1 |   0.8 |  28.4 |   0.0 |  76.4 | 161.0
          Lair |  17.6 |  18.1 |   1.8 |  45.6 |  35.1 | 1213.0
               +-------+-------+-------+-------+-------+----------------------

Levels and vault maps discovered:
D:1:      saegor_arrival_simple_e, layout_basic, minmay_pentomino_z2
D:2:      layout_basic, grunt_ministairs_15, lemuel_flame_loot_1
D:3:      layout_basic, minmay_box_of_dots, uniq_grinder, uniq_natasha
D:4:      layout_loops_cross, minmay_temple_entry_trees, first_ration,
          yredelemnul_altar_generic, uniq_ijyb, uniq_edmund, uniq_robin
D:5:      layout_basic, serial_shops, shop_fountains, st_stairs_11,
          minmay_diced_spiral, uniq_prince_ribbit1
D:6:      layout_loops_cross, kennysheep_pointless_box,
          chequers_serial_rivers_micro_c, grunt_dithmenos_smoke
D:7:      layout_cave_pools, basic_altar, the_bakery, grunt_ministairs_15,
          kennysheep_okawaru_gauntlet
D:8:      layout_basic, minivault_24, uniq_grum, uniq_psyche, uniq_gastronok
D:9:      layout_loops_ring, kennysheep_little_box, kennysheep_generic_room_13,
          uniq_pikel
D:10:     layout_long_grid, nicolae_straight_to_the_point
D:11:     layout_layer_cave, erik_lair_dragon, nicolae_trove_entry_free_sample,
          uniq_maurice
D:12:     layout_roguey, david_orc_3, portal_ice_cave_entry_pillars_1,
          elyvilon_altar_3, uniq_josephine
Temple:   kilobyte_greek_temple
Lair:1:   layout_cave_shapes, minmay_holes, grunt_megastairs_2,
          infiniplex_staircase_pool, uniq_fannar
Lair:2:   beast_lair_carwin_large_3, layout_gridlike,
          nicolae_spider_entry_non_spiders
Lair:3:   layout_gridlike, serial_bayou_shore_b, uniq_urug, uniq_rupert
